Map: Disco Bloodbath LE

Players

Taldan - Winner!

  • Race: Protoss Protoss
  • Spawn Location: 9:00

drumhead

  • Race: Protoss Protoss
  • Spawn Location: 3:00

VOD

Have the link to the VOD?

Description

Time

  • Played on: Sept. 6, 2019, 1:09 p.m.
  • Length: 2:31
Show
View Real Time Build Order
Export as new Build Order

Taldan Protoss - Winner!

Build Orders: Cannon Rush 

Get SALT Encoding   

  12  0:00  Probe  
  13  0:12  Probe  
  14  0:17  Pylon  
  14  0:24  Probe  
  15  0:35  Forge  
  15  0:39  Probe  
  16  1:07  Pylon  
  16  1:19  Pylon  
  16  1:26  Photon Cannon  
  16  1:28  Pylon  
  16  1:39  Photon Cannon  
  16  1:43  Photon Cannon  
  16  1:45  Pylon  
  16  1:49  Gateway  
  16  1:58  Photon Cannon  
  16  2:10  Probe  
  17  2:16  Photon Cannon  
Show
View Real Time Build Order
Export as new Build Order

drumhead Protoss 

Build Orders:  

Get SALT Encoding   

  12  0:00  Probe  
  13  0:13  Probe  
  14  0:17  Pylon  
  14  0:25  Probe  
  15  0:33  Probe  
  15  0:36  Gateway  
  15  0:41  Probe  
  16  0:47  Assimilator  
  17  0:51  Probe  
  17  0:55  Assimilator  
  18  1:03  Probe  
  19  1:16  Zealot  
  19  1:19  Probe  
  19  1:22  Pylon  
  22  1:45  Zealot  
  24  1:50  Probe  
  25  2:02  Probe  
  26  2:14  Probe  
Tags
 
Add a new tag
Caveats
  • Supply blocks, unpowered buildings, or Contaminate may cause inaccurate times.
  • Supply counts are checked every 10 seconds.